 Dungeon Crawl Stone Soup version 0.28.0-53-g5a82cb258f (webtiles) character file.

Game seed: 7980022270844546206

145 ChickenMitten the Caller (level 5, 0/46 HPs)
             Began as a Deep Dwarf Summoner on July 31, 2022.
             Was an Initiate of Gozag.
             Slain by a two-headed ogre
             ... wielding a +0 giant club
             ... created by the fury of Okawaru
              (5 damage)
             ... on level 4 of the Dungeon on Aug 1, 2022.
             The game lasted 00:14:27 (4777 turns).

ChickenMitten the Caller (Deep Dwarf Summoner)      Turns: 4777, Time: 00:14:28

Health: 0/46       AC:  6    Str: 12    XL:     5   Next: 6%
Magic:  10/10      EV: 12    Int: 19    God:    Gozag
Gold:   229        SH:  0    Dex: 13    Spells: 4/10 levels left

rFire   . . .      SeeInvis .   e - +0 quarterstaff
rCold   . . .      Faith    .   (shield currently unavailable)
rNeg    . . .      Spirit   .   a - +1 robe
rPois   .          Reflect  .   j - +2 helmet
rElec   .          Harm     .   (no cloak)
rCorr   .          Rampage  .   (no gloves)
Will    .....                   (no boots)
Stlth   ++........              (no amulet)
HPRegen 0.00/turn               (no ring)
MPRegen 0.12/turn               (no ring)

@: no status effects
A: damage resistance, heal wounds, sense surroundings 1, no regeneration, clever
1, robust 1
a: Heal Wounds, Renounce Religion, Potion Petition, Call Merchant, Bribe Branch


You were on level 4 of the Dungeon.
You worshipped Gozag.
Gozag was aware of your devotion.
You visited 1 branch of the dungeon, and saw 4 of its levels.

You collected 289 gold pieces.
You paid 60 gold pieces to Gozag.

Inventory:

Hand Weapons
 e - a +0 quarterstaff (weapon)
Missiles
 d - 8 boomerangs
 f - 13 arrows
 g - 30 sling bullets
 h - 36 stones
 i - 6 bolts
Armour
 a - a +1 robe (worn)
 c - a +2 plate armour of fire resistance
 j - a +2 helmet (worn)
Scrolls
 b - a scroll of vulnerability
 k - a scroll of enchant weapon


   Skills:
 - Level 0.1 Staves
 - Level 2.1 Dodging
 - Level 2.4 Stealth
 * Level 3.4 Spellcasting
 * Level 4.7 Summonings


You had 4 spell levels left.
You knew the following spells:

 Your Spells              Type           Power      Damage    Failure   Level
a - Summon Small Mammal   Summ           84%        N/A       1%          1
b - Call Imp              Summ           21%        N/A       3%          2
c - Call Canine Familiar  Summ           21%        N/A       6%          3

Your spell library contained the following spells:

 Spells                   Type           Power      Damage    Failure   Level
 Summon Guardian Golem    Hex/Summ       12%        N/A       17%         3
 Sublimation of Blood     Necr           3%         N/A       22%         2
 Summon Lightning Spire   Summ/Air       12%        N/A       50%         4
 Petrify                  Tmut/Erth      3%         N/A       82%         4
 Irradiate                Conj/Tmut      1%         3d14      99%         5


Dungeon Overview and Level Annotations

Branches:
Dungeon (4/15)
 Temple: D:4-7

Altars:
Gozag
Makhleb
Okawaru

Annotations:
D:4 Robin


Innate Abilities, Weirdness & Mutations

You are resistant to damage.
You can heal yourself by infusing magical energy.
You passively map a small area around you.
You do not regenerate.
Your mind is acute. (Int +2)
You are robust. (+10% HP)


Message History

r - Retreat! s - Stop attacking. g - Guard the area. f - Follow me.
Anything else - Cancel.
Gang up on whom?
Press: ? - help, Dir - move target, f - two-headed ogre
Aim: a two-headed ogre, wielding two +0 giant clubs (durably summoned, ally target) Attack!
Your hound bites the two-headed ogre.
Your quokka bites the two-headed ogre.
You swap places.
Your bat barely misses the two-headed ogre.
Your quokka bites the two-headed ogre but does no damage.
Your hound barely misses the two-headed ogre.
The two-headed ogre hits your crimson imp with a +0 giant club!
Your crimson imp dies!
Your crimson imp disappears in a puff of smoke!
There is a stone staircase leading up here.
Your bat completely misses the two-headed ogre.
Your hound bites the two-headed ogre.
Your quokka bites the two-headed ogre but does no damage.
Your bat barely misses the two-headed ogre.
Your bat hits the two-headed ogre but does no damage. x2
Your hound bites the two-headed ogre.
Your quokka bites the two-headed ogre.
You climb upwards.
Your summoned ally is left behind.
There is a stone staircase leading down here.
You start resting.
Magic restored.
Welcome back, ChickenMitten the Deep Dwarf Summoner.
Gozag says: Greed is good.
Press ? for a list of commands and other information.
Done exploring.
You climb downwards.
Level annotation: Robin The two-headed ogre hits you with a +0 giant club!!
Ouch! That really hurt!
* * * LOW HITPOINT WARNING * * *
The two-headed ogre misses you.
There is a stone staircase leading up, spattered with blood here.
The two-headed ogre hits you with a +0 giant club.
You die...
Your body crumbles into a pile of gold.

##....##.....
#............
##...........
#.#..........
###............
#.....#........
####...##....###.
##.O#..###...... ,
#...@......#....#
#....#####.####..##
#.....# * ... ...
...... , , #.# ,
..... , ... , *
..... , .. .... , ,
.... , , ,


You could see a two-headed ogre.

Vanquished Creatures
  A hobgoblin (D:4)
  A jackal (D:3)
  A quokka (D:1)
  A quokka skeleton (D:3)
4 creatures vanquished.

Vanquished Creatures (collateral kills)
  A water moccasin skeleton (D:3)
  An iguana (D:4)
  An adder (D:2)
  A dart slug (D:2)
  4 orcs
  3 endoplasms
  2 giant cockroaches
  7 goblins
  4 hobgoblins
  2 jackals (D:3)
  2 kobolds
  2 quokkas
  6 ball pythons
  A bat (D:3)
  A frilled lizard (D:1)
  7 rats
45 creatures vanquished.

Vanquished Creatures (others)
  4 withered plants (D:3)
4 creatures vanquished.

Grand Total: 53 creatures vanquished

Notes
Turn   | Place    | Note
-------+----------+-------------------------------------------
     0 | D:1      | ChickenMitten the Deep Dwarf Summoner began the quest for
                  | the Orb.
     0 | D:1      | Reached XP level 1. HP: 15/15 MP: 3/3
   335 | D:1      | You fall into a shaft and drop 1 floor!
   788 | D:1      | Reached XP level 2. HP: 17/22 MP: 0/5
   796 | D:1      | Learned a level 2 spell: Call Imp
   969 | D:1      | Found a faded altar of an unknown god.
   991 | D:1      | Reached skill level 4 in Summonings
  1143 | D:1      | Prayed at the altar of an unknown god.
  1143 | D:1      | Became a worshipper of Warmaster Okawaru
  1143 | D:1      | Reached * piety under Okawaru
  1217 | D:1      | Fell from the grace of Okawaru
  2400 | D:2      | Reached XP level 3. HP: 17/28 MP: 1/6
  3180 | D:3      | Gained mutation: Your mind is acute. (Int +2) [potion of
                  | mutation]
  3180 | D:3      | Gained mutation: You are robust. (+10% HP) [potion of
                  | mutation]
  3715 | D:3      | Found an opulent altar of Gozag.
  3725 | D:3      | Became a worshipper of Gozag Ym Sagoz the Greedy
  3830 | D:3      | Reached XP level 4. HP: 31/39 MP: 4/8
  4105 | D:3      | Found a burning altar of Makhleb.
  4105 | D:3      | Noticed a balrug
  4219 | D:4      | Noticed a black bear
  4292 | D:4      | Learned a level 3 spell: Call Canine Familiar
  4319 | D:4      | Noticed a two-headed ogre
  4448 | D:3      | Noticed an orc warrior
  4538 | D:4      | Reached XP level 5. HP: 33/46 MP: 1/10
  4657 | D:4      | Noticed Robin
  4777 | D:4      | Slain by a two-headed ogre

Illustrated notes

Levels and vault maps discovered:
D:1:      amcnicky_arrival_choice, layout_loops_corners,
          ebering_ecumenical_altar_sacrificial, grunt_decor_cap
D:2:      layout_basic, uniq_terence
D:3:      layout_rooms, makhleb_altar_promises_db,
          nicolae_gozag_cash_rules_everything_around_me, serial_undead,
          serial_undead_e, serial_undead_c, serial_undead_f, serial_undead_f
D:4:      minmay_general_purpose_star, layout_cave_pools, serial_shops,
          kennysheep_mini, kennysheep_little_box, nicolae_inconvenience_store,
          shop, shop, uniq_robin

Skill      XL: |  1  2  3 |
---------------+----------+-----
Spellcasting   | 2 3 |  3.4
Summonings     | 4 |  4.7
Staves         | |  0.1
Dodging        | |  2.1
Stealth        | |  2.4

Action                   |  1- 3 |  4- 6 || total
-------------------------+-------+-------++-------
Melee: Quarterstaff      |    12 |     1 ||    13
 Cast: Summon Small Mamm |    76 |    15 ||    91
       Call Imp          |    35 |    12 ||    47
       Call Canine Famil |       |     3 ||     3
Invok: Renounce Religion |     1 |       ||     1
  Use: Scroll            |     6 |     1 ||     7
       Potion            |     3 |       ||     3
Armor: Robe              |     7 |     6 ||    13
Dodge: Dodged            |    27 |     9 ||    36
